 Dungeon Crawl Stone Soup version 0.29.0-10-g45618ea6d2 (webtiles) character file.

Game seed: 10110441779936625183

66061 Flugkiller the Severer (level 14, -7/199 HPs)
             Began as a Minotaur Fighter on Sept 1, 2022.
             Was a High Priest of Trog.
             Mangled by a death knight
             ... wielding a +1 halberd
              (14 damage)
             ... on level 14 of the Dungeon.
             The game lasted 00:09:52 (18273 turns).

Flugkiller the Severer (Minotaur Fighter)          Turns: 18273, Time: 00:09:53

Health: -7/199     AC: 30    Str: 21    XL:     14   Next: 77%
Magic:  13/13      EV: 14    Int:  5    God:    Trog [*****.]
Gold:   1693       SH: 19    Dex: 15    Spells: 13/13 levels left

rFire   . . .      SeeInvis .   K - +6 war axe (vorpal)
rCold   + + +      Faith    .   s - +6 kite shield of Ufficlag {Rampage Fly Stlth+}
rNeg    + . .      Spirit   .   i - +4 plate armour "Rulasox" {Contam rN+ Will+ Slay+2}
rPois   +          Reflect  .   o - +0 hat
rElec   +          Harm     .   E - +0 cloak
rCorr   .          Rampage  +   y - +2 pair of gloves
Will    +....                   b - -1 pair of boots "Yzxusogeox" {rC++ Regen+}
Stlth   ..........              U - amulet "Rududghi" {rElec rPois rC++ Will- Regen+}
HPRegen 2.03/turn               p - +4 ring of protection
MPRegen 0.13/turn               v - +4 ring of evasion

@: berserking, flying, very quick
A: horns 2, retaliatory headbutt
a: Renounce Religion, Berserk, Trog's Hand, Brothers in Arms


You were on level 14 of the Dungeon.
You worshipped Trog.
Trog was extremely pleased with you.
You visited 2 branches of the dungeon, and saw 19 of its levels.
You also visited: Gauntlet.

You collected 1693 gold pieces.

Inventory:

Hand Weapons
 a - a +0 war axe
 K - a +6 vorpal war axe (weapon)
   (You took it off a wight on level 8 of the Dungeon)
Missiles
 g - 3 throwing nets
 u - 20 boomerangs (quivered)
 X - 4 silver javelins
Armour
 b - the -1 pair of boots "Yzxusogeox" (worn) {rC++ Regen+}
   (You found it in a Gauntlet)

   rC:        It greatly protects you from cold.
   Regen:     It increases your rate of health regeneration.
 i - the +4 plate armour "Rulasox" (worn) {Contam rN+ Will+ Slay+2}
   (You found it on level 4 of the Dungeon)

   Slay:      It affects your accuracy & damage with ranged weapons and melee
   (+2).
   rN:        It protects you from negative energy.
   Contam:    It causes magical contamination when unequipped.
   Will:      It increases your willpower.
 o - a +0 hat (worn)
   (You found it in a Gauntlet)
 s - the +6 kite shield of Ufficlag (worn) {Rampage Fly Stlth+}
   (You took it off a minotaur in a Gauntlet)

   Fly:       It grants you flight.
   Rampage:   It bestows one free step when moving towards enemies.
   Stlth:     It makes you more stealthy.
 y - a +2 pair of gloves (worn)
   (You found it on level 4 of the Dungeon)
 E - a +0 cloak (worn)
   (You found it on level 5 of the Dungeon)
Jewellery
 p - a +4 ring of protection (left hand)
   (You found it on level 2 of the Dungeon)
 v - a +4 ring of evasion (right hand)
   (You found it on level 5 of the Dungeon)
 Q - a +6 ring of strength
   (You found it on level 14 of the Dungeon)
 T - a ring of flight
   (You found it on level 2 of the Lair of Beasts)
 U - the amulet "Rududghi" (around neck) {rElec rPois rC++ Will- Regen+}
   (You found it on level 2 of the Lair of Beasts)

   [amulet of regeneration]

   rC:        It greatly protects you from cold.
   rElec:     It insulates you from electricity.
   rPois:     It protects you from poison.
   Regen:     It increases your rate of health regeneration.
   Will:      It decreases your willpower.
 W - a +4 ring of evasion
   (You found it on level 2 of the Lair of Beasts)
Wands
 c - a wand of light (3)
   (You found it on level 5 of the Lair of Beasts)
 k - a wand of charming (9)
   (You found it on level 9 of the Dungeon)
 L - a wand of iceblast (19)
   (You found it on level 8 of the Dungeon)
 P - a wand of mindburst (18)
   (You found it in a Gauntlet)
Scrolls
 f - 2 scrolls of immolation
 j - 3 scrolls of enchant weapon
 l - 3 scrolls of magic mapping
 q - a scroll of enchant armour
 r - 2 scrolls of identify
 t - 3 scrolls of teleportation
 z - 5 scrolls of blinking
 C - 3 scrolls of fear
 H - a scroll of brand weapon
 N - a scroll of summoning
 O - 4 scrolls of vulnerability
 V - 3 scrolls of silence
Potions
 d - 5 potions of might
 e - 5 potions of haste {unknown}
 h - 5 potions of mutation
 m - 3 potions of brilliance {unknown}
 n - 3 potions of resistance
 w - 3 potions of invisibility
 A - 2 potions of berserk rage {unknown}
 B - 3 potions of degeneration {unknown}
 D - 6 potions of heal wounds {unknown}
 G - 2 potions of lignification {unknown}
 I - 2 potions of magic {unknown}
 J - 5 potions of curing {unknown}
 M - 4 potions of flight {unknown}
 S - 2 potions of cancellation {unknown}
Miscellaneous
 x - a phantom mirror
   (You found it in a Gauntlet)
 F - a condenser vane
   (You found it in a Gauntlet)


   Skills:
 + Level 14.9 Fighting
 - Level 16.0 Axes
 + Level 14.9 Armour
 + Level 8.8 Dodging
 * Level 14.1 Shields
 - Level 6.0 Evocations


You had 13 spell levels left.
You didn't know any spells.
Your spell library was empty.

Dungeon Overview and Level Annotations

Branches:
Dungeon (14/15)            Temple (0/1) D:5            Lair (5/5) D:9
  Swamp (0/4) Lair:2        Snake (0/4) Lair:3        Slime (0/5) Lair:4
    Orc (0/2) D:12         Vaults (0/5) D:14        Gauntlet (visited)

Altars:
Ashenzari
Dithmenos
Makhleb
Nemelex Xobeh
Okawaru
Sif Muna
Trog
Uskayaw
Vehumet
Wu Jian
Xom
Jiyva

Annotations:
D:5 2 transporters
D:7 2 transporters, yokelz's ghost, novice TrBe
D:12 3 runed translucent doors, PanSaczeczos's ghost, journeyman GrHW
Lair:1 exclusion: 2 oklob plants
Lair:3 2 transporters, Loywebes's ghost, journeyman MiFi


Innate Abilities, Weirdness & Mutations

You have a pair of horns on your head.
You reflexively headbutt those who attack you in melee.


Message History

The wraith is heavily damaged.
You hit something.
You chop one of the nine-headed hydra's heads off!
The eight-headed hydra grows two more!
You slash the ten-headed hydra! Something hits you!
* * * LOW HITPOINT WARNING * * *
The ten-headed hydra closely misses you.
The ten-headed hydra bites you but does no damage.
You block the ten-headed hydra's attack.
The ten-headed hydra bites you!
* * * LOW HITPOINT WARNING * * *
The ten-headed hydra completely misses you.
The ten-headed hydra bites you but does no damage.
You block the ten-headed hydra's attack.
The ten-headed hydra bites you but does no damage.
You block the ten-headed hydra's attack.
The ten-headed hydra closely misses you.
You hack one of the ten-headed hydra's heads off!
The nine-headed hydra grows two more!
You slice the 11-headed hydra!!
The 11-headed hydra is severely wounded.
You hit the wraith but do no damage. You slash the centaur warrior!
You slash something! Trog accepts your kill.
Trog appreciates your killing of a magic user.
Reactivating autopickup.
The hellwing disappears in a puff of smoke!
The rust devil disappears in a puff of smoke!
The ice devil disappears in a puff of smoke!
You feel a bit more experienced.
The centaur warrior hits you but does no damage.
You block the centaur warrior's attack.
The deep elf pyromancer casts a spell.
You block the wraith's attack.
The death knight offers itself to Yredelemnul, and fills with unholy energy.
Your Shields skill increases to level 14!
You barely miss the 11-headed hydra.
The 11-headed hydra is severely wounded.
You slash the wraith!
You destroy the wraith!
Trog accepts your kill.
You slash the centaur warrior! You block the centaur warrior's attack.
The centaur warrior kicks you but does no damage.
The 11-headed hydra misses you. The 11-headed hydra bites you.
* * * LOW HITPOINT WARNING * * *
The 11-headed hydra bites you but does no damage.
The 11-headed hydra misses you. The 11-headed hydra bites you!
* * * LOW HITPOINT WARNING * * *
The 11-headed hydra bites you.
* * * LOW HITPOINT WARNING * * *
You block the 11-headed hydra's attack. x2
The 11-headed hydra barely misses you. You block the 11-headed hydra's attack.
The 11-headed hydra bites you but does no damage.
You rampage towards the deep elf pyromancer!
You block the fire elemental's attack.
The deep elf pyromancer barely misses you.
You furiously retaliate!
You headbutt the deep elf pyromancer!
The death knight hits you from afar with a +1 halberd.
* * * LOW HITPOINT WARNING * * *
The centaur warrior hits you but does no damage.
The centaur warrior kicks you but does no damage.
You lop one of the 11-headed hydra's heads off!
The ten-headed hydra grows two more!
You slash the 12-headed hydra! You headbutt the 12-headed hydra!
The 12-headed hydra is almost dead.
You hit the centaur warrior. You slice the fire elemental!!
You slash the deep elf pyromancer! You slice the fire elemental!!
You block the fire elemental's attack. The fire elemental misses you.
You furiously retaliate!
You headbutt the fire elemental!
You feel the power of Trog in you as your rage grows.
You destroy the fire elemental!
The fire elemental disappears in a puff of smoke!
The 12-headed hydra bites you but does no damage. x2
You block the 12-headed hydra's attack. x2
The 12-headed hydra closely misses you.
The 12-headed hydra bites you but does no damage. x2
The 12-headed hydra bites you.
* * * LOW HITPOINT WARNING * * *
The 12-headed hydra bites you but does no damage. x4
The death knight closely misses you.
You block the deep elf pyromancer's attack.
You chop one of the 12-headed hydra's heads off!
The 11-headed hydra grows two more!
You slice the 13-headed hydra!!
You kill the 13-headed hydra!
Trog accepts your kill.
You barely miss the centaur warrior. You slash the deep elf pyromancer!
You slash the fire elemental!
You destroy the fire elemental!
The fire elemental disappears in a puff of smoke!
You block the centaur warrior's attack. x2
You slice the centaur warrior!!
You feel the power of Trog in you as your rage grows.
You kill the centaur warrior!
Trog accepts your kill.
You slash the fire elemental! You slash the deep elf pyromancer!
You kill the deep elf pyromancer!
Trog accepts your kill.
Trog appreciates your killing of a magic user.
You block the fire elemental's attack.
The death knight hits you from afar with a +1 halberd!
You die...

.... ... ☼# .. °#
###'## ##○#
#.....####○.#
#.#.§.#.##☼..# # ..
.#...§§H§#○...#.#..
.'...∩)@E○)...#.#'####.
.#......)#.............
#.#...#p##...#..^.....
#.....####..#........
###'## ##.......... ..
##..........# ...
##...........# ....
#............#
.......#........#


You could see a death knight (reflects damage), a manticore and a fire
elemental.

Vanquished Creatures
  Frances (D:14)
  A reaper (Gauntlet)
  Azrael (D:14)
  A minotaur (Gauntlet)
  Snorg (D:14)
  Josephine (Lair:5)
  2 fire dragons
  4 vault guards (D:14)
  2 boulder beetles
  Erolcha (D:12)
  5 hydras
  3 centaur warriors
  2 catoblepae
  A lindwurm (Lair:5)
  An orc knight (D:12)
  4 deep elf pyromancers
  5 ugly things (D:14)
  4 cyclopes
  10 elephants
  5 black mambas (Lair:5)
  An ice statue (Lair:5)
  A gargoyle (D:12)
  2 molten gargoyles (Lair:5)
  An unseen horror (D:12)
  5 cane toads
  6 rime drakes
  Psyche (D:10)
  14 komodo dragons
  Maggie (D:6)
  An efreet (D:14)
  A kobold demonologist (D:12)
  An ice devil (Lair:5)
  3 trolls
  4 meliai
  5 polar bears
  12 blink frogs
  Grinder (D:3)
  Prince Ribbit (D:5)
  A raiju (Gauntlet)
  18 slime creatures
  An air elemental (D:10)
  4 dream sheep (Lair:4)
  2 wyverns (Lair:5)
  52 yaks
  A water elemental (D:10)
  A vampire (D:11)
  7 wraiths
  Eustachio (D:5)
  8 basilisks
  4 steam dragons
  4 fire elementals
  7 vampire mosquitoes
  Edmund (D:6)
  2 acid dragons
  3 swamp worms (Gauntlet)
  5 nagas (Lair:3)
  9 water moccasins
  5 hell hounds
  4 orc warriors
  8 ice beasts
  2 black bears
  5 ogres
  6 centaurs
  2 phantoms
  A kobold brigand (D:9)
  14 bullfrogs
  3 gnoll sergeants
  6 scorpions
  2 necrophages
  An earth elemental (D:10)
  7 wights
  3 killer bees (D:9)
  6 howler monkeys
  A crimson imp (D:9)
  5 lava snakes (Lair:5)
  2 jellies
  A gnoll bouda (D:6)
  7 orc priests
  2 hounds
  6 iguanas
  8 orc wizards
  Robin (D:3)
  15 gnolls
  11 adders
  A shadow imp (Gauntlet)
  4 white imps
  An ufetubus (D:6)
  2 worms (D:2)
  2 dart slugs
  29 orcs
  6 ball pythons
  4 endoplasms
  A giant cockroach (D:2)
  12 goblins
  10 hobgoblins
  13 jackals
  12 kobolds
  A quokka (D:2)
  4 bats
  4 frilled lizards
  4 rats
491 creatures vanquished.

Vanquished Creatures (others)
  A steam dragon (Gauntlet)
  16 fungi
  35 plants
52 creatures vanquished.

Grand Total: 543 creatures vanquished

Notes
Turn   | Place    | Note
-------+----------+-------------------------------------------
     0 | D:1      | Flugkiller the Minotaur Fighter began the quest for the
                  | Orb.
     0 | D:1      | Reached XP level 1. HP: 19/19 MP: 0/0
   114 | D:1      | Reached skill level 3 in Axes
   114 | D:1      | Reached XP level 2. HP: 21/27 MP: 1/1
   377 | D:1      | Found a faded altar of an unknown god.
   388 | D:1      | Prayed at the altar of an unknown god.
   388 | D:1      | Became a worshipper of Trog the Wrathful
   388 | D:1      | Reached * piety under Trog
   667 | D:2      | Reached XP level 3. HP: 33/33 MP: 2/2
   912 | D:2      | Reached skill level 4 in Axes
  1004 | D:2      | Reached XP level 4. HP: 40/40 MP: 3/3
  1620 | D:3      | Reached ** piety under Trog
  1627 | D:3      | Noticed Grinder
  1635 | D:3      | Killed Grinder
  1636 | D:3      | Reached skill level 5 in Fighting
  1636 | D:3      | Reached skill level 5 in Axes
  1636 | D:3      | Reached skill level 5 in Armour
  1636 | D:3      | Reached XP level 5. HP: 48/48 MP: 4/4
  1636 | D:3      | Reached XP level 6. HP: 56/56 MP: 5/5
  1851 | D:3      | Noticed Robin
  1865 | D:3      | Killed Robin
  2393 | D:4      | Reached skill level 6 in Axes
  2532 | D:4      | Reached XP level 7. HP: 62/62 MP: 6/6
  2655 | D:4      | Reached skill level 7 in Axes
  2997 | D:4      | Identified the +4 plate armour "Rulasox" {Contam rN+ Will+
                  | Slay+2}
  3047 | D:4      | Found a hide-covered altar of Uskayaw.
  3050 | D:4      | Found a sparkling altar of Nemelex Xobeh.
  3059 | D:4      | Found an ornate altar of the Wu Jian Council.
  3062 | D:4      | Found a bloodstained altar of Trog.
  3197 | D:5      | Entered Level 5 of the Dungeon
  3198 | D:5      | Noticed Prince Ribbit
  3211 | D:5      | Killed Prince Ribbit
  3212 | D:5      | Reached skill level 8 in Axes
  3382 | D:5      | Reached XP level 8. HP: 67/71 MP: 7/7
  3468 | D:5      | Found a staircase to the Ecumenical Temple.
  3534 | D:5      | Noticed Eustachio
  3549 | D:5      | Killed Eustachio
  3585 | D:5      | Reached skill level 9 in Axes
  3742 | D:5      | Found a transporter.
  3894 | D:5      | Found a transporter.
  3977 | D:5      | You fall into a shaft and drop 2 floors!
  4123 | D:7      | Reached skill level 10 in Axes
  4165 | D:7      | Noticed a troll
  4173 | D:7      | Reached XP level 9. HP: 75/81 MP: 8/8
  4179 | D:7      | Killed a troll
  4188 | D:7      | Reached *** piety under Trog
  4388 | D:6      | Reached skill level 11 in Axes
  4699 | D:6      | Noticed Edmund
  4703 | D:6      | Killed Edmund
  4906 | D:6      | Noticed Maggie
  4916 | D:6      | Killed Maggie
  5459 | D:6      | Found a shimmering blue altar of Sif Muna.
  5461 | D:6      | Found a shadowy altar of Dithmenos.
  5462 | D:6      | Found an iron altar of Okawaru.
  5722 | D:7      | Found a transporter.
  5725 | D:7      | Noticed yokelz's ghost (novice TrBe)
  5734 | D:7      | Noticed a two-headed ogre
  5747 | D:7      | Found a bloodstained altar of Trog.
  5747 | D:7      | Noticed a moth of wrath
  5857 | D:7      | Reached skill level 12 in Axes
  6149 | D:7      | Found a transporter.
  6946 | D:8      | Reached XP level 10. HP: 74/91 MP: 9/9
  7427 | D:8      | Found a radiant altar of Vehumet.
  8395 | D:9      | Found a shimmering altar of Xom.
  8396 | D:9      | Found a burning altar of Makhleb.
  8401 | D:9      | Reached skill level 13 in Axes
  8453 | D:9      | Found a staircase to the Lair.
  8491 | D:9      | Reached skill level 10 in Armour
  8569 | D:9      | Reached skill level 10 in Fighting
  8915 | D:9      | Reached **** piety under Trog
  9143 | D:10     | Entered Level 10 of the Dungeon
  9186 | D:10     | Found a large runed translucent door.
  9186 | D:10     | Found a large runed translucent door.
  9358 | D:10     | Noticed Psyche
  9374 | D:10     | Killed Psyche
  9451 | D:10     | Found a broken altar of Ashenzari.
  9578 | D:10     | Reached skill level 14 in Axes
 10096 | D:11     | Noticed an eight-headed hydra
 10104 | D:11     | Killed a 12-headed hydra
 10197 | D:10     | Paralysed by an air elemental for 1 turns
 10201 | D:10     | Reached XP level 11. HP: 101/101 MP: 10/10
 10523 | D:11     | Noticed a deep elf pyromancer
 10529 | D:11     | Killed a deep elf pyromancer
 10744 | D:11     | Found a frozen archway.
 11047 | Lair:1   | Entered Level 1 of the Lair of Beasts
 11067 | Lair:1   | Found a gate leading to a gauntlet.
 11073 | Gauntlet | Entered a Gauntlet
 11073 | Gauntlet | Found a transporter.
 11073 | Gauntlet | Found a transporter.
 11077 | Gauntlet | Found a transporter.
 11077 | Gauntlet | Found a transporter.
 11091 | Gauntlet | Found a transporter.
 11105 | Gauntlet | Found a transporter.
 11107 | Gauntlet | Found a large runed translucent door.
 11108 | Gauntlet | Found a large runed translucent door.
 11109 | Gauntlet | Found a large runed translucent door.
 11109 | Gauntlet | Found a large runed translucent door.
 11110 | Gauntlet | Found a runed translucent gate.
 11110 | Gauntlet | Found a large runed translucent door.
 11110 | Gauntlet | Found a large runed translucent door.
 11110 | Gauntlet | Found a runed translucent door.
 11111 | Gauntlet | Found a transporter.
 11111 | Gauntlet | Found a runed translucent gate.
 11111 | Gauntlet | Found a transporter.
 11111 | Gauntlet | Found a large runed translucent door.
 11111 | Gauntlet | Noticed an obsidian statue
 11112 | Gauntlet | Found a runed translucent gate.
 11112 | Gauntlet | Found a runed translucent door.
 11112 | Gauntlet | Found a large runed translucent door.
 11114 | Gauntlet | Found a transporter.
 11116 | Gauntlet | Noticed a reaper
 11119 | Gauntlet | Found a large runed translucent door.
 11119 | Gauntlet | Found a large runed translucent door.
 11120 | Gauntlet | Found a large runed translucent door.
 11121 | Gauntlet | Found a large runed translucent door.
 11130 | Gauntlet | Found a large runed translucent door.
 11130 | Gauntlet | Found a large runed translucent door.
 11141 | Gauntlet | Found a transporter.
 11148 | Gauntlet | Found a transporter.
 11165 | Gauntlet | Noticed a soul eater
 11166 | Gauntlet | Found a transporter.
 11173 | Gauntlet | Noticed a soul eater
 11212 | Gauntlet | Found a transporter.
 11226 | Gauntlet | Found a transporter.
 11327 | Gauntlet | Found a transporter.
 11343 | Gauntlet | Found a transporter.
 11361 | Gauntlet | Found a large runed translucent door.
 11361 | Gauntlet | Found a large runed translucent door.
 11457 | Gauntlet | Reached skill level 15 in Axes
 11501 | Gauntlet | Identified the -1 pair of boots "Yzxusogeox" {rC++ Regen+}
 11650 | Gauntlet | Killed a reaper
 11671 | Gauntlet | Identified the +0 plate armour of the Gloaming {rF+}
 11725 | Gauntlet | Identified the +6 kite shield of Ufficlag {Rampage Fly
                  | Stlth+}
 11725 | Gauntlet | Noticed a minotaur
 11734 | Gauntlet | Killed a minotaur
 11860 | Lair:1   | Noticed an oklob plant
 12278 | Lair:1   | Reached skill level 1 in Dodging
 12307 | Lair:1   | Reached skill level 1 in Evocations
 12557 | Lair:1   | Noticed an oklob plant
 12814 | Lair:2   | Reached skill level 5 in Shields
 12870 | Lair:2   | Reached skill level 16 in Axes
 12872 | Lair:2   | Reached XP level 12. HP: 109/112 MP: 11/11
 12897 | Lair:2   | Identified the amulet "Rududghi" {rElec rPois rC++ Will-
                  | Regen+}
 13051 | Lair:2   | Identified the +1 leather armour of Wudit {rC+ Str+3 Dex+3}
 13121 | Lair:2   | Found a staircase to the Swamp.
 13121 | Lair:2   | Noticed a four-headed hydra
 13129 | Lair:2   | Killed an eight-headed hydra
 13186 | Lair:2   | Noticed a five-headed hydra
 13191 | Lair:2   | Killed an eight-headed hydra
 13628 | Lair:3   | Identified the +1 scale mail of the Crypt {Harm}
 13705 | Lair:3   | Noticed Loywebes's ghost (journeyman MiFi)
 13709 | Lair:3   | Found a transporter.
 13763 | Lair:3   | Found a staircase to the Snake Pit.
 13955 | Lair:3   | Reached ***** piety under Trog
 13970 | Lair:3   | Found a transporter.
 14291 | Lair:4   | Noticed a catoblepas
 14301 | Lair:4   | Killed a catoblepas
 14584 | Lair:4   | Reached skill level 5 in Dodging
 14587 | Lair:4   | Reached XP level 13. HP: 122/122 MP: 12/12
 14719 | Lair:4   | Received a gift from Trog
 14784 | Lair:4   | Found a staircase to the Slime Pits.
 14802 | Lair:4   | Found a viscous altar of Jiyva.
 15120 | Lair:5   | Entered Level 5 of the Lair of Beasts
 15148 | Lair:5   | Reached skill level 10 in Shields
 15184 | Lair:5   | Reached skill level 5 in Evocations
 15368 | Lair:5   | Identified the +10 rapier "Rudwaig" {vorpal, rC+ Will+}
 15565 | Lair:5   | Found a large runed translucent door.
 15565 | Lair:5   | Found a large runed translucent door.
 15598 | Lair:5   | Noticed a fire dragon
 15882 | Lair:5   | Noticed Josephine
 15888 | Lair:5   | Killed Josephine
 16140 | Lair:5   | Killed a fire dragon
 16140 | Lair:5   | Received a gift from Trog
 16523 | D:12     | Found a runed translucent gate.
 16523 | D:12     | Found a runed translucent gate.
 16524 | D:12     | Found a runed translucent gate.
 16527 | D:12     | Noticed a merfolk impaler
 16527 | D:12     | Noticed PanSaczeczos's ghost (journeyman GrHW)
 16529 | D:12     | Noticed Erolcha
 16539 | D:12     | Killed Erolcha
 16540 | D:12     | Reached XP level 14. HP: 132/132 MP: 13/13
 16782 | D:12     | Found a staircase to the Orcish Mines.
 17173 | D:12     | Found an iron altar of Okawaru.
 17353 | D:13     | Received a gift from Trog
 17963 | D:14     | Noticed Azrael
 17978 | D:14     | Killed Azrael
 18051 | D:14     | Found a hide-covered altar of Uskayaw.
 18159 | D:14     | Noticed Snorg
 18174 | D:14     | Killed Snorg
 18248 | D:14     | Noticed Frances
 18249 | D:14     | Found a gate to the Vaults.
 18268 | D:14     | Killed Frances
 18270 | D:14     | HP: 8/199 [death knight/+1 halberd (5)]
 18273 | D:14     | Mangled by a death knight

Illustrated notes

Levels and vault maps discovered:
D:1:      dpeg_arrival_connections, layout_basic,
          shapermc_ecumenical_altar_pompeii, chequers_serial_rivers_marsh,
          chequers_mini_garden
D:2:      layout_rooms, kennysheep_generic_room_2
D:3:      layout_loops_corners, uniq_robin, uniq_grinder
D:4:      layout_gridville, grunt_temple_overflow_cloverleaf,
          hangedman_abyss_or_decor_lesser_grid
D:5:      gammafunk_cloud_chamber, layout_loops_corners,
          minmay_temple_entry_mini_moons, uniq_eustachio, uniq_prince_ribbit1
D:6:      layout_gridville, grunt_temple_overflow_open,
          eino_small_chamber_without_monster, lightli_corner_chamber,
          uniq_maggie, uniq_edmund
D:7:      layout_loops_ring, serial_glass, glass_columns_a, glass_columns_a,
          gammafunk_ghost_wrathful_warriors, chequers_serial_rivers_small_3,
          minmay_manual_mess
D:8:      layout_basic, mainiacjoe_overflow_alcove_4
D:9:      layout_grid_maze, grunt_temple_overflow_champion_of_chaos,
          grunt_lair_entry_orc_guard_hut
D:10:     layout_layer_cave, nicolae_ashenzari_skybound,
          lightli_elemental_guards, uniq_psyche
D:11:     layout_gridville, portal_ice_cave_entry_pillars_1
D:12:     layout_basic, david_orc_5, gammafunk_ghost_fury_of_okawaru,
          uniq_erolcha
D:13:     layout_roguey
D:14:     layout_irregular_city, lightli_vaults_fourway_checkpoint,
          nicolae_trove_entry_crossroad, drop_trap,
          eat_drink_and_be_merry_uskayaw, uniq_snorg, uniq_azrael, uniq_frances
Lair:1:   dpeg_oklob_gauntlet, layout_regular_city, gauntlet_entry_generic,
          chequers_serial_rivers_room_a, wad_woods_road_02, st_stairs_5
Lair:2:   layout_small_grid, minmay_swamp_entry_reptiles,
          hangedman_lair_generics_rect, grunt_megastairs_3
Lair:3:   layout_cave_pods, minmay_snake_entry_guardpost_large,
          gammafunk_ghost_hive, grunt_forest_small_clearing_treed,
          serial_bayou_shore_a
Lair:4:   layout_regular_city, slime_entry_1
Lair:5:   cheibrodos_lair_end_hotspot, layout_big_grid, ice2_lemuel,
          uniq_josephine

Skill      XL: |  1  2  3  4  5  6  7  8  9 10 11 12 13 14 |
---------------+-------------------------------------------+-----
Axes           | 3 4 5 6 8 10 12 14 16 | 16.0
Fighting       | 4 5 6 7 9 10 12 13 14 | 14.9
Armour         | 4 5 6 8 9 10 12 13 14 | 14.9
Shields        | 5 9 11 14 | 14.1
Dodging        | 2 5 7 8 |  8.8
Evocations     | 1 4 6 |  6.0

Action                   |  1- 3 |  4- 6 |  7- 9 | 10-12 | 13-15 || total
-------------------------+-------+-------+-------+-------+-------++-------
Melee: War axe           |    69 |    63 |   217 |   389 |   450 ||  1188
       Headbutt          |     8 |     7 |    41 |    93 |   113 ||   262
Invok: Berserk           |       |     4 |     9 |    12 |    10 ||    35
  Use: Scroll            |       |       |       |    17 |     3 ||    20
 Stab: Petrified         |       |       |       |       |     4 ||     4
Armor: Scale mail        |    40 |    30 |   103 |     7 |       ||   180
       Plate armour      |       |       |       |   164 |   264 ||   428
Dodge: Dodged            |    42 |    35 |   137 |   129 |   159 ||   502
Block: Buckler           |    21 |    10 |    49 |    37 |       ||   117
       Kite shield       |       |     1 |       |   146 |   400 ||   547
